 Dungeon Crawl Stone Soup version 0.24.0-35-gdb84b6a5db (webtiles) character file.

Game seed: 10590515176900738341, levelgen mode: deterministic

833 Curus the Cruncher (level 7, -6/40 HPs)
             Began as a Gargoyle Gladiator on Nov 18, 2019.
             Was an Initiate of Okawaru.
             Mangled by Prince Ribbit (7 damage)
             ... on level 5 of the Dungeon.
             The game lasted 00:18:16 (4412 turns).

Curus the Cruncher (Gargoyle Gladiator)             Turns: 4412, Time: 00:18:16

Health: -6/40      AC: 15    Str: 17    XL:     7   Next: 98%
Magic:  0/7        EV:  7    Int:  9    God:    Okawaru [......]
Gold:   310        SH:  0    Dex: 13    Spells: 6/6 levels left

rFire    . . .     SeeInvis +   a - +0 quarterstaff
rCold    . . .     Gourm    .   (shield currently unavailable)
rNeg     + . .     Faith    .   r - +0 chain mail
rPois    ∞         Spirit   +   c - +1 helmet
rElec    +         Reflect  .   t - scarf {Spirit}
rCorr    .         Harm     .   (no gloves)
MR       .....                  s - +0 pair of boots
Stlth    ..........             (no amulet)
HPRegen  0.13/turn              l - ring of stealth
MPRegen  0.10/turn              k - ring of see invisible

@: hasted, very quick
A: negative energy resistance 1, electricity resistance, unbreathing,
petrification resistance, rot immunity, AC +4
a: Renounce Religion


You were on level 5 of the Dungeon.
You worshipped Okawaru.
Okawaru was noncommittal.
You were not hungry.

You visited 2 branches of the dungeon, and saw 6 of its levels.

You collected 310 gold pieces.

Inventory:

Hand Weapons
 a - a +0 quarterstaff (weapon)
Missiles
 d - 3 throwing nets (quivered)
Armour
 b - a +0 leather armour
 c - a +1 helmet (worn)
 g - a +0 ring mail
 h - a +0 scale mail
 q - a cursed +0 chain mail
 r - a +0 chain mail (worn)
 s - a +0 pair of boots (worn)
 t - a scarf of spirit shield (worn)
Jewellery
 i - an uncursed ring of fire
 k - a ring of see invisible (right hand)
 l - a ring of stealth (left hand)
 p - an uncursed ring of ice
Wands
 o - a wand of random effects (11)
Scrolls
 e - 8 scrolls of identify
 m - 3 scrolls of remove curse
Potions
 j - 2 potions of haste
 n - 3 potions of curing
Comestibles
 f - 6 rations
 v - 4 chunks of flesh


   Skills:
 - Level 2.1 Fighting
 + Level 9.2 Staves
 - Level 1.7 Throwing
 - Level 2.4 Dodging


You had 6 spell levels left.
You didn't know any spells.
Your spell library was empty.

Dungeon Overview and Level Annotations

Branches:
Dungeon (5/15)             Temple (1/1) D:4

Altars:
Dithmenos
Fedhas
Gozag
Kikubaaqudgha
Makhleb
Okawaru
Ru
Vehumet
Wu Jian
Yredelemnul
The Shining One

Annotations:
D:5 Prince Ribbit


Innate Abilities, Weirdness & Mutations

You are resistant to torment.
Your stone body is resilient. (AC +4)
You are immune to poison.
You resist negative energy. (rN+)
You are resistant to electric shocks. (rElec)
You can survive without breathing.
You are immune to petrification.
You are immune to rotting.


Message History

The centaur hits you but does no damage.
You closely miss the centaur.
The centaur is heavily wounded.
The centaur hits you but does no damage.
Prince Ribbit hits you but does no damage.
The centaur hits you but does no damage.
Prince Ribbit hits you.
* * * LOW HITPOINT WARNING * * *
You feel yourself speed up.
The centaur hits you but does no damage.
Prince Ribbit hits you.
* * * LOW HITPOINT WARNING * * *
You hit Prince Ribbit but do no damage.
The centaur hits you but does no damage.
Prince Ribbit closely misses you.
Your chain mail prevents you from hitting Prince Ribbit.
The centaur hits you.
* * * LOW HITPOINT WARNING * * *
Prince Ribbit hits you!
You die...

'...._.# #.°.○.§# ..$..#
######## .........
####### ........#
#...#.# ........#
...##.######..##.#.#
...##.....##.# #...#
.............###..# #
...<.........##!@c##....
..............(.)F......
...................#....
..>...............## ...
..................# .
....................
.............#.#.....
..........#..#........
.......#..............


You could see Prince Ribbit and a centaur.

Vanquished Creatures
  An ice beast (D:4)
  4 ogres
  A bullfrog zombie (D:5)
  A hound (D:5)
  2 orc priests (D:4)
  2 orc wizards (D:4)
  Ijyb (D:3)
  A worker ant (D:5)
  A worker ant zombie (D:5)
  A howler monkey skeleton (D:5)
  7 adders
  3 worms
  A dart slug (D:2)
  13 orcs
  2 giant cockroaches
  8 goblins
  5 hobgoblins
  9 kobolds
  3 quokkas
  A ball python (D:3)
  10 bats
  4 frilled lizards
  4 rats
85 creatures vanquished.

Notes
Turn   | Place    | Note
-------+----------+-------------------------------------------
     0 | D:1      | Curus the Gargoyle Gladiator began the quest for the Orb.
     0 | D:1      | Reached XP level 1. HP: 12/12 MP: 1/1
    68 | D:1      | Reached XP level 2. HP: 13/17 MP: 2/2
   582 | D:2      | Found a faded altar of an unknown god.
   875 | D:2      | Reached skill level 4 in Staves
   897 | D:2      | Reached XP level 3. HP: 8/21 MP: 3/3
  1097 | D:2      | Found an ancient bone altar of Kikubaaqudgha.
  1119 | D:2      | Found a shadowy altar of Dithmenos.
  1254 | D:2      | Reached XP level 4. HP: 26/26 MP: 4/4
  1351 | D:2      | Reached skill level 5 in Staves
  1914 | D:3      | Reached XP level 5. HP: 30/30 MP: 5/5
  1942 | D:3      | Noticed Ijyb
  1983 | D:3      | Killed Ijyb
  2174 | D:4      | Noticed an ogre
  2195 | D:3      | Killed an ogre
  2195 | D:3      | Reached skill level 6 in Staves
  2195 | D:3      | Reached XP level 6. HP: 12/35 MP: 6/6
  2535 | D:4      | Reached skill level 7 in Staves
  2811 | D:4      | Found a staircase to the Ecumenical Temple.
  3106 | D:4      | Reached XP level 7. HP: 25/40 MP: 7/7
  3141 | D:4      | Reached skill level 8 in Staves
  3375 | Temple   | Entered the Ecumenical Temple
  3472 | Temple   | Became a worshipper of Warmaster Okawaru
  3730 | D:4      | Found a shadowy altar of Dithmenos.
  3803 | D:5      | Entered Level 5 of the Dungeon
  3851 | D:5      | Noticed Prince Ribbit
  4265 | D:5      | Reached skill level 9 in Staves
  4280 | D:5      | Found a basalt altar of Yredelemnul.
  4299 | D:5      | Found a glowing golden altar of the Shining One.
  4412 | D:5      | HP: 1/40 [centaur (4)]
  4412 | D:5      | Mangled by Prince Ribbit

Levels and vault maps discovered:
D:1:      minmay_arrival_semitransparent, layout_basic
D:2:      cheibrodos_old_hovel, layout_rooms, kiku_gazebo_garden_becter,
          chequers_ecumenical_altar_island, nicolae_dithmenos_shadow_blocks
D:3:      layout_basic, minmay_misc_feat_tower, uniq_ijyb
D:4:      layout_rooms, lemuel_crystal_altar, minmay_temple_entry_sparse_star
D:5:      layout_rooms, grunt_temple_overflow_holy_war, serial_shops, shop,
          first_ration, uniq_prince_ribbit1
Temple:   regret_index_temple_generic_petals

Skill      XL: |  1  2  3  4  5  6  7 |
---------------+----------------------+-----
Staves         | 4 5 6 7 9 |  9.2
Fighting       | |  2.1
Throwing       | |  1.7
Dodging        | |  2.4

Action                   |  1- 3 |  4- 6 |  7- 9 || total
-------------------------+-------+-------+-------++-------
Melee: Quarterstaff      |   123 |   189 |    75 ||   387
Throw: Throwing net      |     1 |     1 |       ||     2
Evoke: Wand              |       |     3 |     2 ||     5
  Use: Scroll            |     6 |     1 |     2 ||     9
       Potion            |     4 |     4 |     4 ||    12
 Stab: Held in net/web   |     1 |       |       ||     1
  Eat: Chunk             |     1 |     6 |     1 ||     8
       Ration            |       |       |     1 ||     1
Armor: Leather armour    |    14 |       |       ||    14
       Ring mail         |    50 |       |       ||    50
       Scale mail        |    13 |    93 |       ||   106
       Chain mail        |       |       |    54 ||    54
Dodge: Dodged            |    88 |   103 |    24 ||   215
